AoeStats
← ToBad_Kueltruhe

Black Forest

504002228Analyzed
1v1 RM · 28d ago on Sep 3, 2026· 50m 58s· 2 players
Game mode
Random Map
Map size
Tiny (2 player)
Population
200
Speed
Normal
Resources
Standard
Victory
Conquest
Starting age
Dark Age
Ending age
Imperial Age
RankedLock teamsTeams togetherTeam positionsShared explorationLock speedFull tech treeHidden civsTurbo modeCheats
Victory
Defeat
🇵🇱 Cumans · Poland
640
+16
🇩🇪 Britons · Germany
641
-16
Pierzasty Jeż
10:42 Loom
13:04 Feudal Age
13:46 Double-Bit Axe
13:26 Man-at-Arms
15:51 Forging
16:08 Gold Mining
17:14 Scale Mail Armor
22:08 Wheelbarrow
26:36 Stone Mining
31:27 Castle Age
30:01 Horse Collar
31:40 Long Swordsman
32:58 Iron Casting
33:54 Hand Cart
34:03 Chain Mail Armor
34:38 Squires
35:30 Scale Barding Armor
36:37 Chain Barding Armor
39:35 Gold Shaft Mining
39:14 Bow Saw
39:10 Heavy Plow
40:19 Fletching
42:21 Bloodlines
42:21 Elite Skirmisher
46:59 Imperial Age
47:36 Elite Kipchak
51:41 Blast Furnace
51:18 Plate Barding Armor
ToBad_Kueltruhe
13:34 Feudal Age
21:46 Castle Age
20:09 Double-Bit Axe
30:20 Scale Mail Armor
31:26 Chain Mail Armor
32:12 Chain Mail Armor
32:00 Padded Archer Armor
31:39 Man-at-Arms
47:53 Loom
48:43 Wheelbarrow
Connection lost

Rejoining the realm…

Still unreachable

The connection could not be restored.

Session expired

The server has moved on; the page needs a fresh start.